 Dungeon Crawl Stone Soup version 0.30-a0-738-g116ff8c4af (webtiles) character file.

Game seed: 5009747156717299787

769 cheesebisquit the Geomancer (level 7, 0/36 HPs)
             Began as a Gargoyle Earth Elementalist on Feb 3, 2023.
             Slain by a wight
             ... wielding a +3 scimitar
              (12 damage)
             ... on level 6 of the Dungeon.
             The game lasted 00:11:21 (4584 turns).

cheesebisquit the Geomancer (GrEE)                  Turns: 4584, Time: 00:11:21

Health: 0/36       AC:  7    Str: 11    XL:     7   Next: 82%
Magic:  17/19      EV: 11    Int: 18    God:
Gold:   275        SH:  0    Dex: 10    Spells: 1/10 levels left

rFire   . . .      SeeInvis .    (no weapon)
rCold   . . .      Faith    .    (no shield)
rNeg    + + .      Spirit   .    a - +0 robe
rPois   ∞          Reflect  .    A - +0 helmet
rElec   +          Harm     .    (no cloak)
rCorr   .          Rampage  .    (no gloves)
Will    .....                    (no boots)
Stlth   ++                       (no amulet)
HPRegen 0.26/turn                l - ring of positive energy
MPRegen 0.16/turn                y - ring of magical power

@: no status effects
A: sickness immunity, AC +4, negative energy resistance 1, electricity
resistance, torment resistance 1, petrification resistance
a: no special abilities


You were on level 6 of the Dungeon.
You visited 1 branch of the dungeon, and saw 6 of its levels.

You collected 275 gold pieces.

Inventory:

Missiles
 i - 5 poisoned darts
Armour
 a - a +0 robe (worn)
 A - a +0 helmet (worn)
Jewellery
 l - a ring of positive energy (left hand)
 y - a ring of magical power (right hand)
Wands
 z - a wand of paralysis (8)
Scrolls
 c - 3 scrolls of vulnerability {unknown}
 d - a scroll of summoning {unknown}
 e - 2 scrolls of immolation {unknown}
 f - 2 scrolls of enchant armour {unknown}
 g - 2 scrolls of poison {unknown}
 h - a scroll of enchant weapon {unknown}
 j - 2 scrolls of noise {unknown}
 m - 2 scrolls of identify {unknown}
 p - a scroll of silence {unknown}
 r - 2 scrolls of teleportation {unknown}
 s - a scroll of fog {unknown}
 u - a scroll of fear {unknown}
 x - a scroll of magic mapping {unknown}
Potions
 b - 2 potions of flight {unknown}
 k - a potion of attraction {unknown}
 n - 3 potions of heal wounds {unknown}
 o - a potion of degeneration {unknown}
 q - 3 potions of mutation {unknown}
 t - 2 potions of might {unknown}
 v - a potion of curing {unknown}
 w - a potion of cancellation {unknown}


   Skills:
 - Level 1.5 Dodging
 - Level 2.1 Stealth
 - Level 2.0 Spellcasting
 - Level 0.7 Transmutations
 + Level 10.7 Earth Magic


You had one spell level left.
You knew the following spells:

 Your Spells              Type           Power      Damage    Failure   Level
a - Sandblast             Erth           80%        2d17      1%          1
b - Stone Arrow           Conj/Erth      42%        3d9       6%          3
c - Lee's Rapid Deconstr  Erth           20%        3d12*     6%          5

Your spell library contained the following spells:

 Spells                   Type           Power      Damage    Failure   Level
 Beastly Appendage        Tmut           8%         N/A       14%         1
 Magic Dart               Conj           4%         1d3       19%         1
 Necrotise                Necr           4%         1d4       19%         1
 Passwall                 Tmut/Erth      18%        N/A       2%          2
 Petrify                  Tmut/Erth      22%        N/A       17%         4
 Wereblood                Tmut           4%         N/A       21%         2
 Leda's Liquefaction      Hex/Erth       10%        N/A       21%         4
 Call Imp                 Summ           1%         N/A       26%         2
 Spider Form              Tmut/Pois      3%         N/A       43%         3
 Mephitic Cloud           Conj/Pois/Air  1%         N/A       47%         3
 Vampiric Draining        Necr           1%         2d6       47%         3
 Agony                    Necr           1%         N/A       99%         5
 Statue Form              Tmut/Erth      Unusable   N/A       N/A         6

Dungeon Overview and Level Annotations

Branches:
Dungeon (6/15)
 Temple: D:4-7

Altars:
Gozag
Kikubaaqudgha
Zin

Annotations:
D:6 Menkaure


Innate Abilities, Weirdness & Mutations

You are immune to sickness and miasma.
Your stone body is resilient. (AC +4)
You are immune to poison.
You resist negative energy. (rN+)
You are resistant to electric shocks. (rElec)
You are resistant to unholy torment.
You are immune to petrification.


Message History

The blast of sand hits the orc!!
You kill the orc!
An iguana comes into view.
The iguana hisses angrily.
An adder comes into view.
The blast of sand hits the adder!!
You kill the adder!
The blast of sand hits the iguana!!
You kill the iguana!
You now have 253 gold pieces (gained 6).
You see here an adder corpse.
Found an escape hatch in the floor.
You now have 275 gold pieces (gained 22).
b - 2 fuming brown potions (gained 1)
Found an escape hatch in the ceiling.
You see here a +0 flail.
There is an escape hatch in the ceiling here.
There is a stone staircase leading down here.
There is an escape hatch in the ceiling here.
You see here an adder corpse.
There is a stone staircase leading up here.
Done exploring.
Done exploring.
You see here a +1 whip of venom.
There is a stone staircase leading down here.
You climb downwards.
Found 14 gold pieces.
There is a stone staircase leading up here.
The blast of sand hits the wight!
The wight is heavily damaged.
The blast of sand hits the wight but does no damage.
The wight is heavily damaged.
The wight hits you with a +3 scimitar! The wight barely misses you.
The wight hits you with a +3 long sword!
The wight closely misses you.
You are too injured to fight recklessly!
Menkaure shouts!
The wight hits you with a +3 long sword.
The wight hits you with a +3 scimitar!
You die...

## .. .# .#
.# .#
##.#####.##
.......@z.#
##.#####z.#
...M.
.###.# ..
.. .$ # ##.
.


You could see Menkaure and 2 wights.

Vanquished Creatures
  A black bear (D:5)
  3 scorpions
  3 orc priests (D:5)
  2 iguanas (D:5)
  2 hounds (D:5)
  4 orc wizards (D:5)
  A gnoll (D:1)
  8 adders
  A white imp (D:5)
  An ufetubus (D:4)
  A worm (D:2)
  4 dart slugs
  17 orcs
  4 ball pythons
  4 bats
  6 endoplasms
  4 giant cockroaches
  7 hobgoblins
  3 jackals (D:2)
  A quokka (D:4)
  8 goblins
  2 kobolds
  3 rats
90 creatures vanquished.

Notes
Turn   | Place    | Note
-------+----------+-------------------------------------------
     0 | D:1      | cheesebisquit the Gargoyle Earth Elementalist began the
                  | quest for the Orb.
     0 | D:1      | Reached XP level 1. HP: 10/10 MP: 3/3
   264 | D:1      | Reached skill level 4 in Earth Magic
   413 | D:1      | Reached XP level 2. HP: 15/15 MP: 3/5
   618 | D:1      | Found a faded altar of an unknown god.
   987 | D:2      | Reached skill level 5 in Earth Magic
   987 | D:2      | Reached XP level 3. HP: 19/19 MP: 2/6
  1215 | D:2      | Found a glowing silver altar of Zin.
  1802 | D:3      | Reached XP level 4. HP: 24/24 MP: 3/7
  1877 | D:3      | Reached skill level 6 in Earth Magic
  2805 | D:4      | Found an opulent altar of Gozag.
  2985 | D:4      | Noticed a scorpion
  2992 | D:4      | Killed a scorpion
  2993 | D:4      | Reached skill level 7 in Earth Magic
  2993 | D:4      | Reached XP level 5. HP: 27/28 MP: 1/8
  3137 | D:4      | Found an ancient bone altar of Kikubaaqudgha.
  3219 | D:4      | Reached XP level 6. HP: 32/32 MP: 4/9
  3415 | D:4      | Reached skill level 8 in Earth Magic
  3582 | D:5      | Entered Level 5 of the Dungeon
  3876 | D:5      | Reached skill level 9 in Earth Magic
  3920 | D:5      | Reached XP level 7. HP: 36/36 MP: 6/10
  4089 | D:5      | Learned a level 3 spell: Stone Arrow
  4095 | D:5      | Learned a level 5 spell: Lee's Rapid Deconstruction
  4143 | D:5      | Reached skill level 10 in Earth Magic
  4581 | D:6      | Noticed Menkaure
  4584 | D:6      | Slain by a wight

Illustrated notes

Levels and vault maps discovered:
D:1:      onia_arrival_pyramid, layout_basic, ebering_ecumenical_altar_mist
D:2:      layout_basic, basic_altar
D:3:      layout_basic
D:4:      layout_gridville, lemuel_doored_altar, nicolae_gozag_seed_capital
D:5:      layout_cave_pools, serial_demonic, serial_demonic_c, serial_demonic_b,
          serial_demonic_c, serial_demonic_g, serial_park_tiny_pond
D:6:      layout_loops_ring, minmay_temple_entry_crystal_x, uniq_menkaure

Skill      XL: |  1  2  3  4  5  6  7 |
---------------+----------------------+-----
Earth Magic    | 4 5 7 9 10 | 10.7
Dodging        | |  1.5
Stealth        | |  2.1
Spellcasting   | |  2.0
Transmutations | |  0.7

Action                     |  1- 3 |  4- 6 |  7- 9 || total
---------------------------+-------+-------+-------++-------
  Melee: Unarmed           |    13 |    27 |       ||    40
         Punch             |       |     2 |       ||     2
   Cast: Sandblast         |    54 |    88 |    21 ||   163
    Use: Potion            |     1 |       |       ||     1
 Armour: Robe              |    26 |    27 |     1 ||    54
  Dodge: Dodged            |    40 |    54 |     5 ||    99

Table legend: (Time is in decaauts)
 A = Elapsed time spent in this place.
 B = Non-inter-level travel time spent in this place.
 C = Inter-level travel time spent in this place.
 D = Time resting spent in this place.
 E = Time spent auto-exploring this place.
 F = Levels seen in this place.
 G = Mean time per level.
                   A        B        C        D        E       F      G
               +--------+--------+--------+--------+--------+-----+--------+
         Total |   4666 |   4424 |    242 |     89 |   3749 |   6 |  777.7 |
       Dungeon |   4666 |   4424 |    242 |     89 |   3749 |   6 |  777.7 |
               +--------+--------+--------+--------+--------+-----+--------+

Top non-repeatable levels by time:
     D:3: 1134 daAuts
     D:4: 1000 daAuts
     D:1: 940 daAuts
     D:5: 914 daAuts
     D:2: 672 daAuts
     D:6: 3 daAuts
